Map: Bel'Shir Vestige LE (Void)

Players

ThePich

  • Race: Terran Terran
  • League: Diamond
  • Spawn Location: 5:00

Musumeci - Winner!

  • Race: Zerg Zerg
  • League: Diamond
  • Spawn Location: 11:00

VOD

Have the link to the VOD?

Description

Time

  • Played on: Feb. 22, 2017, 12:45 p.m.
  • Length: 11:44
Show
View Real Time Build Order
Export as new Build Order

ThePich Terran 

Build Orders:  

Get SALT Encoding   

  12  0:00  SCV  
  13  0:13  SCV  
  14  0:18  Supply Depot  
  14  0:25  SCV  
  15  0:39  SCV  
  15  0:40  Barracks  
  16  0:50  Refinery  
  16  0:51  SCV  
  17  1:04  Engineering Bay  
  17  1:05  SCV  
  18  1:17  SCV  
  19  1:28  Marine  
  19  1:29  Supply Depot  
  19  1:31  Orbital Command  
  20  1:46  Marine  
  21  1:58  SCV  
  22  2:06  Marine  
  23  2:09  Factory  
  23  2:12  SCV  
  24  2:16  Barracks  
  24  2:24  SCV  
  24  2:25  Barracks Tech Lab  
  24  2:27  Bunker  
  25  2:36  SCV  
  26  2:37  Supply Depot  
  26  2:44  Marauder  
  28  2:48  SCV  
  29  2:52  Factory Tech Lab  
  29  3:00  SCV  
  29  3:03  Marine  
  29  3:05  Marauder  
  33  3:07  Bunker  
  33  3:12  SCV  
  34  3:16  Siege Tank  
  34  3:18  Bunker  
  36  3:39  Marine x2  
  36  3:40  Supply Depot x2  
  38  3:53  Refinery  
  38  3:57  Marine  
  39  4:05  Marine, Siege Tank  
  43  4:14  Marine  
  44  4:23  Marine  
  45  4:43  Marine x2  
  44  5:09  Barracks Tech Lab  
  41  5:16  Marine  
  41  5:18  Siege Tank  
  45  5:21  SCV  
  45  5:23  Command Center  
  46  5:33  SCV  
  47  5:38  Supply Depot  
  47  5:39  Supply Depot  
  47  5:59  Marine x2  
  47  6:00  Siege Tank  
  47  6:02  SCV  
  53  6:11  Stimpack  
  53  6:14  SCV  
  53  6:17  Marine x2  
  56  6:26  SCV  
  53  6:35  Marine x2  
  53  6:38  SCV  
  37  6:48  Siege Tank  
  37  6:53  Marine x2  
  42  7:00  Barracks  
  42  7:05  Orbital Command  
  42  7:11  Marine x2  
  44  7:20  Siege Tank  
  47  7:28  Marine  
  47  7:29  Marine  
  49  7:38  SCV x2  
  51  7:46  Marine x2  
  51  7:47  Marine  
  51  7:50  SCV  
  55  7:52  Siege Tank  
  52  8:04  Marine x2  
  52  8:05  Marine  
  55  8:17  SCV x2  
  57  8:22  Marine x2  
  57  8:23  Marine  
  60  8:29  SCV  
  61  8:38  Siege Tank  
  61  8:40  Marine x3  
  64  8:58  Factory, Marine x3  
  64  9:01  Bunker  
  67  9:15  Marine x2  
  67  9:16  Marine  
  59  9:33  Marine x2  
  45  9:44  Marine  
  40  9:51  Marine  
  39  10:02  Marine  
  40  10:12  Orbital Command  
  32  10:53  Marine  
  33  10:57  SCV  
  34  11:14  Starport  
Show
View Real Time Build Order
Export as new Build Order

Musumeci Zerg - Winner!

Build Orders: Pool First, Ravager All-In 

Get SALT Encoding   

  12  0:01  Drone  
  13  0:08  Drone  
  14  0:14  Extractor  
  14  0:16  Drone  
  15  0:41  Spawning Pool  
  14  0:59  Hatchery  
  14  1:03  Drone  
  14  1:08  Overlord  
  14  1:24  Extractor  
  13  1:28  Roach Warren  
  13  1:29  Drone  
  13  1:30  Drone  
  14  1:34  Drone  
  14  1:37  Extractor  
  14  1:43  Drone  
  15  2:11  Roach  
  15  2:13  Queen  
  19  2:22  Roach  
  21  2:23  Drone  
  22  2:34  Roach  
  24  2:38  Ravager  
  25  2:48  Ravager  
  26  3:00  Ravager  
  27  3:09  Overlord  
  27  3:26  Queen  
  29  3:45  Roach x2  
  33  4:02  Queen  
  35  4:12  Ravager  
  35  4:15  Overlord  
  36  4:29  Roach  
  35  4:43  Ravager  
  33  5:02  Ravager  
  31  5:20  Overlord x3  
  31  5:38  Queen  
  33  5:50  Roach x3  
  39  6:11  Ravager  
  39  6:12  Ravager x2  
  39  6:14  Roach x2  
  36  6:44  Ravager  
  36  6:45  Ravager  
  36  6:46  Roach x4  
  46  6:49  Drone x3  
  49  7:05  Roach  
  49  7:06  Ravager  
  52  7:09  Overlord  
  52  7:27  Queen  
  52  7:29  Ravager  
  58  7:30  Ravager x3  
  58  7:33  Roach  
  60  7:43  Overlord x3  
  60  7:58  Roach x2  
  58  8:22  Overlord  
  58  8:40  Hatchery  
  43  8:54  Queen  
  43  8:55  Roach  
  43  8:56  Roach  
  43  8:57  Ravager  
  43  8:58  Ravager  
  47  9:20  Ravager  
  47  9:21  Ravager  
  32  9:59  Roach  
  32  10:00  Roach x2  
  32  10:07  Roach x2  
  29  10:29  Ravager  
  29  10:30  Ravager  
  29  10:32  Roach x2  
  29  10:33  Roach  
  29  10:34  Roach x4  
  45  10:37  Roach  
  47  10:44  Ravager x2  
  47  10:49  Roach  
  51  10:54  Ravager x3  
Tags
 
Add a new tag
Caveats
  • Supply blocks, unpowered buildings, or Contaminate may cause inaccurate times.
  • Supply counts are checked every 10 seconds.